 Dungeon Crawl Stone Soup version 0.32-a0-799-g95e1662365 (webtiles) character file.

Game seed: 7243458952866683829

2984 smashvw the Martial Artist (level 9, 0/68 HPs)
             Began as a Gnoll Shapeshifter on Mar 21, 2024.
             Was a Believer of Ru.
             Slain by an orc wizard
             ... wielding a +0 dagger
              (2 damage)
             ... on level 7 of the Dungeon on Mar 22, 2024.
             The game lasted 00:14:04 (6048 turns).

smashvw the Martial Artist (Gnoll Shapeshifter)     Turns: 6048, Time: 00:14:05

Health: 0/68       AC:  0    Str: 14    XL:     9   Next: 83%
Magic:  16/16      EV: 18    Int: 16    God:    Ru [**....]
Gold:   292        SH:  0    Dex: 15    Spells: 17/17 levels left

rFire   . . .        p - melded +4 dagger (drain)
rCold   . . .        i - melded +0 buckler
rNeg    . . .        r - melded +2 ring mail {rN+}
rPois   .            (no helmet)
rElec   .            (no cloak)
rCorr   .            (no gloves)
SInv    .            (no boots)
Will    .....        y - amulet of magic regeneration
Stlth   +            F - +6 ring of intelligence
HPRegen 0.31/turn    (no ring)
MPRegen 0.55/turn

%: no passive effects
@: flux-form, glowing
A: glow, contaminating, fangs 1, hated by all, strong nose, distributed training
a: Begin Untransformation, Renounce Religion


You were on level 7 of the Dungeon.
You worshipped Ru.
Ru was pleased with you.
You were something dangerously unstable.
You visited 2 branches of the dungeon, and saw 8 of its levels.

You collected 340 gold pieces.
You spent 48 gold pieces at shops.

Inventory:

Hand Weapons
 h - a +0 dagger
 o - the +1 whip of the Shallot {freeze, rCorr Int+2 Dex+2}
   (You found it on level 3 of the Dungeon)

   Int+2:     It affects your intelligence (+2).
   Dex+2:     It affects your dexterity (+2).
   rCorr:     It protects you from acid and corrosion.
 p - a +4 dagger of draining (melded)
 t - a +4 battleaxe
Missiles
 l - 17 poisoned darts
 n - 25 stones (quivered)
 v - 2 boomerangs
 E - a throwing net
Armour
 i - a +0 buckler (melded)
 r - a +2 ring mail of positive energy (melded)
 B - a +2 ring mail of fire resistance
Jewellery
 y - an amulet of magic regeneration (around neck)
 F - a +6 ring of intelligence (left hand)
Talismans
 c - a beast talisman
 d - a flux talisman (active)
Wands
 D - a wand of digging (4)
Scrolls
 a - a scroll of revelation
 e - a scroll of amnesia
 g - 4 scrolls of teleportation
 j - 2 scrolls of vulnerability
 k - 2 scrolls of poison
 w - a scroll of blinking
 x - a scroll of enchant weapon
 H - 2 scrolls of fear
Potions
 b - 2 potions of lignification
 f - a potion of ambrosia
 q - a potion of cancellation {unknown}
 u - a potion of curing {unknown}
 z - 2 potions of degeneration {unknown}
 A - 2 potions of resistance {unknown}
 C - a potion of brilliance {unknown}
 G - a potion of mutation {unknown}


   Skills:
 + Level 5.5 Fighting
 + Level 4.8 Short Blades
 + Level 4.8 Long Blades
 + Level 4.8 Axes
 + Level 4.8 Maces & Flails
 + Level 4.8 Polearms
 + Level 4.8 Staves
 + Level 4.8 Ranged Weapons
 + Level 4.8 Throwing
 + Level 4.8 Armour
 + Level 6.7 Dodging
 + Level 4.8 Stealth
 + Level 4.8 Shields
 + Level 8.2 Unarmed Combat
 + Level 4.8 Spellcasting
 + Level 4.0 Conjurations
 + Level 4.0 Hexes
   Level 0.0 Summonings
 + Level 4.0 Necromancy
 + Level 4.0 Translocations
 + Level 4.0 Fire Magic
 + Level 4.0 Ice Magic
 + Level 4.0 Air Magic
 + Level 4.0 Earth Magic
 + Level 4.0 Alchemy
 + Level 5.3 Invocations
 + Level 4.8 Evocations
 + Level 7.9 Shapeshifting


You had 17 spell levels left.
You didn't know any spells.
Your spell library contained the following spells:

 Spells                   Type           Power      Damage    Failure   Level
 Frozen Ramparts          Ice            32%        1d5       9%          3
 Ozocubu's Armour         Ice            16%        N/A       9%          3
 Sigil of Binding         Hex            16%        N/A       9%          3
 Dimensional Bullseye     Hex/Tloc       8%         N/A       30%         4
 Metabolic Englaciation   Hex/Ice        8%         N/A       63%         5
 Call Canine Familiar     Summ           Unusable   N/A       N/A         3

Dungeon Overview and Level Annotations

Branches:
Dungeon (7/15)             Temple (1/1) D:5

Altars:
Ashenzari
Cheibriados
Dithmenos
Elyvilon
Kikubaaqudgha
Makhleb
Nemelex Xobeh
Okawaru
Qazlal
Ru
Sif Muna
Trog
Uskayaw
Vehumet
Zin
The Shining One

Shops:
D:3 ?   D:6 =


Innate Abilities, Weirdness & Mutations

You are something dangerously unstable.
You glow with magical radiation, making you easy to see and hit.
Foes you strike become dangerously contaminated with magical radiation.
You are incapable of wielding weapons or throwing items.
You have very sharp teeth.
You are hated by all.
Your uncanny sense of smell can sniff out nearby items.
Your experience applies equally to all skills.


Message History

The orc priest shudders as magic cascades through it!
You kill the orc priest!
Something barely misses you. The orc hits you with a +0 trident.
* * * LOW HITPOINT WARNING * * *
Your Conjurations skill increases to level 4!
Your Hexes skill increases to level 4!
Your Necromancy skill increases to level 4!
Your Translocations skill increases to level 4!
Your Fire Magic skill increases to level 4!
Your Ice Magic skill increases to level 4!
Your Air Magic skill increases to level 4!
Your Earth Magic skill increases to level 4!
Your Alchemy skill increases to level 4!
You barely miss the orc. Something hits you.
* * * LOW HITPOINT WARNING * * *
The orc closely misses you.
You hit the orc.
The orc begins to glow.
The orc is moderately wounded.
You punch the orc!
You kill the orc!
Something hits you.
* * * LOW HITPOINT WARNING * * *
Okay, then.
You hit something.
The orc wizard begins to glow.
The orc wizard is moderately wounded.
The orc wizard misses you.
You hit the orc wizard.
The orc wizard glows dangerously bright.
The orc wizard is heavily wounded.
The orc wizard misses you.
You hit the orc wizard.
The orc wizard shudders as magic cascades through it.
The orc wizard twists and deforms.
Something hits you.
* * * LOW HITPOINT WARNING * * *
You barely miss something. Something hits you.
* * * LOW HITPOINT WARNING * * *
You closely miss something. Your bite misses something. You miss something.
Something hits you.
You die...
Ru respects your ultimate sacrifice.

# ..........# #.
#.....)...#
#.##.........#
..#.........#
...........#
#.........#
#..))...# #.p##
##{.## #.. ##).####
..## #..
#####..).####... ..
#........?.....##.#.
...######.####.#....
. #....# #.#..#
#....###.#..#
#....##.....#


There were no monsters in sight!

Vanquished Creatures
  Grinder (D:3)
  A wyvern (D:5)
  A steam dragon (D:6)
  Duvessa (D:6)
  An ice beast (D:6)
  A black bear (D:6)
  4 ogres
  2 phantoms (D:4)
  A kobold brigand (D:6)
  Blork the orc (D:6)
  3 bullfrogs
  3 scorpions
  4 wights (D:5)
  Dowan (D:6)
  7 hounds
  3 jellies
  A bombardier beetle (D:3)
  A gnoll bouda (D:5)
  3 orc priests
  Jessica (D:3)
  Terence (D:3)
  2 iguanas
  4 orc wizards
  Robin (D:3)
  10 gnolls
  5 adders
  2 shadow imps
  A white imp (D:6)
  4 ufetubi (D:5)
  A dart slug (D:1)
  A ribbon worm (D:2)
  14 orcs
  7 ball pythons
  6 endoplasms
  3 giant cockroaches
  13 hobgoblins
  8 jackals
  2 quokkas
  5 bats
  3 frilled lizards
  8 goblins
  7 kobolds
  6 rats
155 creatures vanquished.

Notes
Turn   | Place    | Note
-------+----------+-------------------------------------------
     0 | D:1      | smashvw the Gnoll Shapeshifter began the quest for the Orb.
     0 | D:1      | Reached XP level 1. HP: 17/17 MP: 1/1
   182 | D:1      | Reached XP level 2. HP: 23/23 MP: 2/2
   367 | D:1      | Found a faded altar of an unknown god.
   869 | D:2      | Reached XP level 3. HP: 26/28 MP: 3/3
   936 | D:2      | Reached skill level 1 in Invocations
  1104 | D:2      | Reached skill level 1 in Short Blades
  1104 | D:2      | Reached skill level 1 in Long Blades
  1104 | D:2      | Reached skill level 1 in Axes
  1104 | D:2      | Reached skill level 1 in Maces & Flails
  1104 | D:2      | Reached skill level 1 in Polearms
  1104 | D:2      | Reached skill level 1 in Staves
  1104 | D:2      | Reached skill level 1 in Ranged Weapons
  1104 | D:2      | Reached skill level 1 in Throwing
  1104 | D:2      | Reached skill level 1 in Armour
  1104 | D:2      | Reached skill level 1 in Stealth
  1104 | D:2      | Reached skill level 1 in Shields
  1104 | D:2      | Reached skill level 1 in Spellcasting
  1104 | D:2      | Reached skill level 1 in Evocations
  1643 | D:3      | Noticed Jessica
  1652 | D:3      | Killed Jessica
  1653 | D:3      | Reached skill level 1 in Conjurations
  1653 | D:3      | Reached skill level 1 in Hexes
  1653 | D:3      | Reached skill level 1 in Summonings
  1653 | D:3      | Reached skill level 1 in Necromancy
  1653 | D:3      | Reached skill level 1 in Translocations
  1653 | D:3      | Reached skill level 1 in Fire Magic
  1653 | D:3      | Reached skill level 1 in Ice Magic
  1653 | D:3      | Reached skill level 1 in Air Magic
  1653 | D:3      | Reached skill level 1 in Earth Magic
  1653 | D:3      | Reached skill level 1 in Alchemy
  1653 | D:3      | Reached XP level 4. HP: 9/31 MP: 5/5
  1780 | D:3      | Found a radiant altar of Vehumet.
  1795 | D:3      | Noticed Terence
  1808 | D:3      | Killed Terence
  1882 | D:3      | Reached XP level 5. HP: 39/40 MP: 7/7
  1972 | D:3      | Noticed Grinder
  1993 | D:3      | Killed Grinder
  1994 | D:3      | Reached skill level 5 in Dodging
  1994 | D:3      | Reached XP level 6. HP: 7/47 MP: 7/9
  2151 | D:3      | Identified the +1 whip of the Shallot {freeze, rCorr Int+2
                  | Dex+2}
  2211 | D:3      | Noticed Robin
  2224 | D:3      | Killed Robin
  2279 | D:3      | You fall into a shaft and drop 3 floors!
  2290 | D:5      | Entered Level 5 of the Dungeon
  2361 | D:5      | Found a bloodstained altar of Trog.
  2406 | D:5      | Reached skill level 7 in Unarmed Combat
  2406 | D:5      | Reached XP level 7. HP: 41/52 MP: 10/10
  2658 | D:5      | Noticed a wyvern
  2669 | D:5      | Killed a wyvern
  2703 | D:5      | Reached XP level 8. HP: 25/60 MP: 12/12
  3276 | D:4      | Found a snail-covered altar of Cheibriados.
  3514 | D:3      | Found a shimmering blue altar of Sif Muna.
  3747 | D:3      | Found Yban's Magic Scroll Boutique.
  3760 | D:3      | Bought a scroll of identify for 24 gold pieces
  3760 | D:3      | Bought a scroll of identify for 24 gold pieces
  4232 | D:5      | Found a staircase to the Ecumenical Temple.
  4241 | Temple   | Entered the Ecumenical Temple
  4268 | Temple   | Became a worshipper of Ru the Awakened
  4603 | D:5      | Reached XP level 9. HP: 66/66 MP: 14/14
  4942 | D:6      | Noticed Duvessa
  4942 | D:6      | Noticed Dowan
  4962 | D:6      | Killed Duvessa
  4974 | D:6      | Killed Dowan
  4983 | D:6      | Reached skill level 5 in Fighting
  5218 | D:6      | Noticed Blork the orc
  5233 | D:6      | Killed Blork the orc
  5491 | D:6      | Reached skill level 8 in Unarmed Combat
  5711 | D:6      | Reached skill level 5 in Invocations
  5719 | D:6      | Gained mutation: You are hated by all. [Ru sacrifice]
  5719 | D:6      | Reached * piety under Ru
  5719 | D:6      | Reached ** piety under Ru
  5741 | D:6      | Found Pihuj's Jewellery Emporium.
  6046 | D:7      | HP: 2/68 [something (4)]
  6048 | D:7      | Slain by an orc wizard

Illustrated notes

Levels and vault maps discovered:
D:1:      tarquinn_simple_flora_water_a, layout_basic,
          dreamdust_ecumenical_altar_statues,
          hangedman_abyss_or_decor_lesser_grid
D:2:      layout_basic
D:3:      layout_loops_ring, vehumet_crystals, hellmonk_sif_muna_bookshelves,
          serial_shops, nicolae_shop_tiny_glass, chequers_hall_statues_wall_a,
          minmay_misc_feat_rows, hangedman_decor_diamond_cutter, uniq_robin,
          uniq_terence, uniq_jessica, uniq_grinder
D:4:      layout_cave_pools, old_standard_altar
D:5:      layout_loops_ring, mainiacjoe_overflow_paths,
          minmay_temple_entry_trees
D:6:      layout_rooms, serial_shops, shop, uniq_blork_the_orc, uniq_duvessa
D:7:      layout_rooms, xom_redecorated
Temple:   oiseaux_autumnal_temple

Skill      XL: |  1  2  3  4  5  6  7  8  9 |
---------------+----------------------------+-----
Invocations    | 1 2 3 4 5 |  5.3
Short Blades   | 1 2 3 4 |  4.8
Long Blades    | 1 2 3 4 |  4.8
Axes           | 1 2 3 4 |  4.8
Maces & Flails | 1 2 3 4 |  4.8
Polearms       | 1 2 3 4 |  4.8
Staves         | 1 2 3 4 |  4.8
Ranged Weapons | 1 2 3 4 |  4.8
Throwing       | 1 2 3 4 |  4.8
Armour         | 1 2 3 4 |  4.8
Stealth        | 1 2 3 4 |  4.8
Shields        | 1 2 3 4 |  4.8
Spellcasting   | 1 2 3 4 |  4.8
Evocations     | 1 2 3 4 |  4.8
Conjurations   | 1 2 3 4 |  4.0
Hexes          | 1 2 3 4 |  4.0
Summonings     | 1 2 3 0 |  0.0
Necromancy     | 1 2 3 4 |  4.0
Translocations | 1 2 3 4 |  4.0
Fire Magic     | 1 2 3 4 |  4.0
Ice Magic      | 1 2 3 4 |  4.0
Air Magic      | 1 2 3 4 |  4.0
Earth Magic    | 1 2 3 4 |  4.0
Alchemy        | 1 2 3 4 |  4.0
Fighting       | 3 4 5 |  5.5
Dodging        | 5 6 |  6.7
Unarmed Combat | 7 8 |  8.2
Shapeshifting  | 7 |  7.9

Action                     |  1- 3 |  4- 6 |  7- 9 || total
---------------------------+-------+-------+-------++-------
  Melee: Unarmed           |    15 |       |    29 ||    44
         Bite              |    13 |    12 |    37 ||    62
         Dagger            |   108 |    86 |   299 ||   493
  Throw: Stone             |     5 |       |    16 ||    21
 Invoke: Sacrifice Love    |       |       |     1 ||     1
    Use: Scroll            |       |     4 |     6 ||    10
         Potion            |       |       |     2 ||     2
   Stab: Sleeping          |       |       |     5 ||     5
 Armour: Chain mail        |    91 |     8 |       ||    99
         Ring mail         |       |    37 |   153 ||   190
         Skin              |       |       |    73 ||    73
  Dodge: Dodged            |    39 |    20 |   161 ||   220
  Block: Buckler           |    10 |    12 |    71 ||    93
   Form: Flux              |       |       |     1 ||     1

Table legend: (Time is in decaauts)
 A = Elapsed time spent in this place.
 B = Non-inter-level travel time spent in this place.
 C = Inter-level travel time spent in this place.
 D = Time resting spent in this place.
 E = Time spent auto-exploring this place.
 F = Levels seen in this place.
 G = Mean time per level.
                   A        B        C        D        E       F      G
               +--------+--------+--------+--------+--------+-----+--------+
         Total |   5995 |   5759 |    236 |    348 |   4334 |   8 |  749.4 |
       Dungeon |   5937 |   5752 |    185 |    348 |   4334 |   7 |  848.1 |
        Temple |     57 |      6 |     51 |      0 |      0 |   1 |   57.0 |
               +--------+--------+--------+--------+--------+-----+--------+

Top non-repeatable levels by time:
     D:5: 1262 daAuts
     D:3: 1123 daAuts
     D:6: 1060 daAuts
     D:1: 857 daAuts
     D:2: 784 daAuts
     D:4: 772 daAuts
     D:7: 77 daAuts
  Temple: 57 daAuts
